 Dungeon Crawl Stone Soup version 0.21.0-34-g9234887 (webtiles) character file.

100 TBG123 the Slasher (level 4, -1/37 HPs)
             Began as a Minotaur Gladiator on Jan 29, 2018.
             Was an Initiate of Dithmenos.
             Slain by a worm (2 damage)
             ... on level 3 of the Dungeon.
             The game lasted 00:11:39 (1564 turns).

TBG123 the Slasher (Minotaur Gladiator)             Turns: 1564, Time: 00:11:42

Health: -1/37      AC:  3    Str: 20    XL:     4   Next: 47%
Magic:  3/3        EV: 13    Int:  5    God:    Dithmenos [......]
Gold:   134        SH:  0    Dex: 11    Spells: 3/3 levels left

rFire    . . .     SeeInvis .   a - +0 long sword
rCold    . . .     Gourm    .   (no shield)
rNeg     . . .     Faith    .   b - +0 leather armour
rPois    .         Spirit   .   c - +0 hat
rElec    .         Reflect  .   (no cloak)
rCorr    .         Harm     .   (no gloves)
MR       .....                  (no boots)
Stlth    +.........             (no amulet)
HPRegen  0.12/turn              (no ring)
MPRegen  0.08/turn              (no ring)

@: lethally poisoned (-1 -> -3)
A: retaliatory headbutt, horns 2
a: Renounce Religion


You were on level 3 of the Dungeon.
You worshipped Dithmenos.
Dithmenos was noncommittal.
You were not hungry.

You visited 1 branch of the dungeon, and saw 3 of its levels.

You collected 134 gold pieces.

Inventory:

Hand Weapons
 a - a +0 long sword (weapon)
Missiles
 d - 3 throwing nets (quivered)
Armour
 b - a +0 leather armour (worn)
 c - a +0 hat (worn)
Scrolls
 h - a scroll of immolation
 i - a scroll of teleportation
Potions
 e - 2 potions of mutation {unknown}
 g - a potion of might {unknown}
 l - a potion of flight {unknown}
Comestibles
 f - 2 rations


   Skills:
 + Level 2.9 Fighting
 + Level 5.1 Long Blades
 + Level 2.3 Throwing
 + Level 1.9 Armour
 + Level 3.7 Dodging


You had 3 spell levels left.
You didn't know any spells.

Dungeon Overview and Level Annotations

Branches:
Dungeon (3/15)

Altars:
Dithmenos
Hepliaklqana
Okawaru
Wu Jian


Innate Abilities, Weirdness & Mutations

You reflexively headbutt those who attack you in melee.
You have a pair of horns on your head.


Message History

* * * LOW HITPOINT WARNING * * *
You feel sick.
There is a stone staircase leading down here.
You climb downwards.
A rat, 3 orcs and an orc wizard come into view.
* * * LOW HITPOINT WARNING * * *
You feel sick.
The orc shouts!
The orc wizard shouts!
The orc shouts!
Found a robe.
Found a stone staircase leading down.
There is a stone staircase leading up here.
A worm comes into view.
You see here a robe.
You slash the worm!
The worm is heavily wounded.
* * * LOW HITPOINT WARNING * * *
You feel sick. The rat barely misses you.
You riposte.
You closely miss the rat. You headbutt the rat.
The rat is severely wounded.
The worm bites you.
You die...

....... o.
...#.##o#
..#o...#
...#..# .o...#
#....#.#. ####
#<.......
#....#.#######
#..@w......
#.r.#######
...>...
#########


You could see a worm, an orc wizard, 2 orcs and a rat.

Vanquished Creatures
  A worker ant (D:2)
  2 adders (D:2)
  An ooze (D:1)
  2 worms (D:2)
  A dart slug (D:1)
  A leopard gecko (D:2)
  A giant cockroach (D:1)
  5 goblins
  5 hobgoblins
  4 jackals (D:1)
  A ball python (D:2)
  6 bats
  A frilled lizard (D:2)
  10 kobolds
  6 rats
47 creatures vanquished.

Notes
Turn   | Place    | Note
-------+----------+-------------------------------------------
     0 | D:1      | TBG123 the Minotaur Gladiator began the quest for the Orb.
     0 | D:1      | Reached XP level 1. HP: 18/18 MP: 0/0
   100 | D:1      | Reached skill level 4 in Long Blades
   100 | D:1      | Reached XP level 2. HP: 19/25 MP: 1/1
   623 | D:1      | Reached XP level 3. HP: 22/30 MP: 2/2
   833 | D:1      | Reached skill level 1 in Armour
  1158 | D:2      | Found a hazy altar of Hepliaklqana.
  1202 | D:2      | Reached XP level 4. HP: 25/37 MP: 3/3
  1383 | D:2      | Found a shadowy altar of Dithmenos.
  1389 | D:2      | Found an ornate altar of the Wu Jian Council.
  1400 | D:2      | Became a worshipper of Dithmenos the Shadowed
  1484 | D:2      | Reached skill level 5 in Long Blades
  1517 | D:2      | Found an iron altar of Okawaru.
  1564 | D:3      | HP: 1/37 [poisoned by a worker ant]
  1564 | D:3      | Slain by a worm

Skill      XL: |  1  2  3  4 |
---------------+-------------+-----
Long Blades    | 4 5 |  5.1
Armour         | 1 |  1.9
Fighting       | |  2.9
Throwing       | |  2.3
Dodging        | |  3.7

Action                   |  1- 3 |  4- 6 || total
-------------------------+-------+-------++-------
Melee: Long sword        |    56 |    18 ||    74
       Headbutt          |    15 |     4 ||    19
  Use: Scroll            |     1 |     2 ||     3
  Eat: Ration            |       |     1 ||     1
       Chunk             |       |     1 ||     1
Armor: Leather armour    |    17 |     3 ||    20
Dodge: Dodged            |    52 |    14 ||    66
       Rpst.: Long sword |    10 |     5 ||    15
